 Dungeon Crawl Stone Soup version 0.26-a0-611-g354ed81 (webtiles) character file.

Game seed: 14377952244345697325

32 B1Gdaddy5 the Sneak (level 3, 0/40 HPs)
             Began as a Human Brigand on Sept 6, 2020.
             Succumbed to an adder's poison
             ... on level 2 of the Dungeon.
             The game lasted 00:08:30 (1207 turns).

B1Gdaddy5 the Sneak (Human Brigand)                 Turns: 1207, Time: 00:08:30

Health: 0/40       AC: 21    Str: 11    XL:     3   Next: 45%
Magic:  3/3        EV:  2    Int: 11    God:
Gold:   47         SH:  0    Dex: 15    Spells: 2/2 levels left

rFire    . . .     SeeInvis .   a - +2 dagger
rCold    . . .     Faith    .   (no shield)
rNeg     + + +     Spirit   .   (armour currently unavailable)
rPois    +         Reflect  .   (helmet currently unavailable)
rElec    .         Harm     .   (cloak currently unavailable)
rCorr    .         NoTele   +   (gloves currently unavailable)
MR       .....                  (boots currently unavailable)
Stlth    +++.......             (no amulet)
HPRegen  0.13/turn              (no ring)
MPRegen  0.08/turn              (no ring)

@: lethally poisoned (0 -> -11), tree-form, stab, hasted, very quick
A: no striking features
a: no special abilities


You were on level 2 of the Dungeon.
You were a tree.
You visited 1 branch of the dungeon, and saw 2 of its levels.

You collected 47 gold pieces.

Inventory:

Hand Weapons
 a - a +2 dagger (weapon)
Missiles
 e - 2 curare-tipped darts
 m - 19 poisoned darts (quivered)
Armour
 b - a +0 robe
 c - a +1 cloak (melded)
 g - a +0 leather armour (melded)
 p - a +0 pair of boots (melded)
Jewellery
 n - an uncursed ring of stealth {unknown}
Scrolls
 d - a scroll of blinking
 h - 2 scrolls of enchant armour
 i - a scroll of fog {unknown}
 k - a scroll of remove curse {unknown}
 o - a scroll of teleportation {unknown}


   Skills:
 - Level 2.1 Fighting
 * Level 2.6 Short Blades
 - Level 2.1 Throwing
 + Level 1.5 Dodging
 * Level 4.4 Stealth


You had 2 spell levels left.
You didn't know any spells.
Your spell library was empty.

Dungeon Overview and Level Annotations

Branches:
Dungeon (2/15)

Altars:


Message History

The adder is severely wounded.
* * * LOW HITPOINT WARNING * * *
You feel sick. The adder bites you but does no damage.
You hit the adder.
You kill the adder!
* * * LOW HITPOINT WARNING * * *
You feel sick.
You cannot move.
You cannot move.
You cannot move.
You cannot move.
Unknown command.
It was a potion of stabbing.
You feel ready to backstab.
* * * LOW HITPOINT WARNING * * *
You feel sick.
It was a potion of haste.
You feel yourself speed up.
* * * LOW HITPOINT WARNING * * *
You feel sick.
You die...

###############
#..............
#######.#############
#.............#
#.##.########.# #.#
#.# #♣# #†# #.# #..
#.# .#. # #


There were no monsters in sight!

Vanquished Creatures
  An adder (D:2)
  2 worms (D:2)
  2 leopard geckos (D:2)
  3 bats
  2 giant cockroaches (D:1)
  A goblin (D:1)
  A hobgoblin (D:1)
  A frilled lizard (D:1)
  2 kobolds
  3 rats
18 creatures vanquished.

Notes
Turn   | Place    | Note
-------+----------+-------------------------------------------
     0 | D:1      | B1Gdaddy5 the Human Brigand began the quest for the Orb.
     0 | D:1      | Reached XP level 1. HP: 16/16 MP: 1/1
   235 | D:1      | Reached XP level 2. HP: 22/22 MP: 2/2
  1033 | D:2      | Reached XP level 3. HP: 22/27 MP: 3/3
  1204 | D:2      | HP: 2/40 [poisoned by an adder]
  1207 | D:2      | Succumbed to an adder's poison

Illustrated notes

Levels and vault maps discovered:
D:1:      scummos_arrival_forest, layout_basic
D:2:      layout_loops_ring, makhleb_heckhound_becter

Action                   || total
-------------------------++-------
Melee: Dagger            ||    75
  Use: Scroll            ||     2
       Potion            ||     3
 Stab: Sleeping          ||     6
Armor: Leather armour    ||    19
       Skin              ||     3
Dodge: Dodged            ||    40

Table legend: (Time is in decaauts)
 A = Elapsed time spent in this place.
 B = Non-inter-level travel time spent in this place.
 C = Inter-level travel time spent in this place.
 D = Time resting spent in this place.
 E = Time spent auto-exploring this place.
 F = Levels seen in this place.
 G = Mean time per level.
                   A        B        C        D        E       F      G
               +--------+--------+--------+--------+--------+-----+--------+
         Total |   1198 |   1145 |     53 |    122 |    642 |   2 |  599.0 |
       Dungeon |   1198 |   1145 |     53 |    122 |    642 |   2 |  599.0 |
               +--------+--------+--------+--------+--------+-----+--------+

Top non-repeatable levels by time:
     D:1: 873 daAuts
     D:2: 325 daAuts
